%YAML 1.1
%TAG !u! tag:unity3d.com,2011:
--- !u!1 &3131185423130455225
GameObject:
  m_ObjectHideFlags: 0
  m_CorrespondingSourceObject: {fileID: 0}
  m_PrefabInstance: {fileID: 0}
  m_PrefabAsset: {fileID: 0}
  serializedVersion: 6
  m_Component:
  - component: {fileID: 3131185423130455230}
  - component: {fileID: 3131185423130455231}
  m_Layer: 0
  m_Name: plane_target
  m_TagString: Untagged
  m_Icon: {fileID: 0}
  m_NavMeshLayer: 0
  m_StaticEditorFlags: 0
  m_IsActive: 1
--- !u!4 &3131185423130455230
Transform:
  m_ObjectHideFlags: 0
  m_CorrespondingSourceObject: {fileID: 0}
  m_PrefabInstance: {fileID: 0}
  m_PrefabAsset: {fileID: 0}
  m_GameObject: {fileID: 3131185423130455225}
  m_LocalRotation: {x: 0.68138963, y: -0.18896611, z: 0.18896611, w: 0.68138963}
  m_LocalPosition: {x: 0, y: 0.19, z: 0}
  m_LocalScale: {x: 0.36538574, y: 0.36538574, z: 0.36538577}
  m_Children: []
  m_Father: {fileID: 3131185423224899961}
  m_RootOrder: 1
  m_LocalEulerAnglesHint: {x: 90, y: -31.000002, z: 0}
--- !u!212 &3131185423130455231
SpriteRenderer:
  m_ObjectHideFlags: 0
  m_CorrespondingSourceObject: {fileID: 0}
  m_PrefabInstance: {fileID: 0}
  m_PrefabAsset: {fileID: 0}
  m_GameObject: {fileID: 3131185423130455225}
  m_Enabled: 1
  m_CastShadows: 0
  m_ReceiveShadows: 0
  m_DynamicOccludee: 1
  m_MotionVectors: 1
  m_LightProbeUsage: 1
  m_ReflectionProbeUsage: 1
  m_RayTracingMode: 0
  m_RayTraceProcedural: 0
  m_RenderingLayerMask: 1
  m_RendererPriority: 0
  m_Materials:
  - {fileID: 10754, guid: 0000000000000000f000000000000000, type: 0}
  m_StaticBatchInfo:
    firstSubMesh: 0
    subMeshCount: 0
  m_StaticBatchRoot: {fileID: 0}
  m_ProbeAnchor: {fileID: 0}
  m_LightProbeVolumeOverride: {fileID: 0}
  m_ScaleInLightmap: 1
  m_ReceiveGI: 1
  m_PreserveUVs: 0
  m_IgnoreNormalsForChartDetection: 0
  m_ImportantGI: 0
  m_StitchLightmapSeams: 1
  m_SelectedEditorRenderState: 0
  m_MinimumChartSize: 4
  m_AutoUVMaxDistance: 0.5
  m_AutoUVMaxAngle: 89
  m_LightmapParameters: {fileID: 0}
  m_SortingLayerID: 0
  m_SortingLayer: 0
  m_SortingOrder: -500
  m_Sprite: {fileID: 21300000, guid: d88641a4e0fef09448f9f0604d770845, type: 3}
  m_Color: {r: 0.04460168, g: 1, b: 0, a: 0.8156863}
  m_FlipX: 0
  m_FlipY: 0
  m_DrawMode: 1
  m_Size: {x: 3.63, y: 3.63}
  m_AdaptiveModeThreshold: 0.5
  m_SpriteTileMode: 0
  m_WasSpriteAssigned: 1
  m_MaskInteraction: 0
  m_SpriteSortPoint: 0
--- !u!1 &3131185423224899962
GameObject:
  m_ObjectHideFlags: 0
  m_CorrespondingSourceObject: {fileID: 0}
  m_PrefabInstance: {fileID: 0}
  m_PrefabAsset: {fileID: 0}
  serializedVersion: 6
  m_Component:
  - component: {fileID: 3131185423224899961}
  - component: {fileID: 3131185423224899960}
  - component: {fileID: 3131185423224899963}
  - component: {fileID: 3131185423224899967}
  - component: {fileID: 3131185423224899966}
  m_Layer: 0
  m_Name: SODA4
  m_TagString: Food
  m_Icon: {fileID: 0}
  m_NavMeshLayer: 0
  m_StaticEditorFlags: 0
  m_IsActive: 1
--- !u!4 &3131185423224899961
Transform:
  m_ObjectHideFlags: 0
  m_CorrespondingSourceObject: {fileID: 0}
  m_PrefabInstance: {fileID: 0}
  m_PrefabAsset: {fileID: 0}
  m_GameObject: {fileID: 3131185423224899962}
  m_LocalRotation: {x: 0, y: 0.7071068, z: 0, w: 0.7071068}
  m_LocalPosition: {x: 16.21, y: 0, z: -9.86}
  m_LocalScale: {x: 0.93586, y: 0.93586, z: 0.93586}
  m_Children:
  - {fileID: 3131185423269326299}
  - {fileID: 3131185423130455230}
  - {fileID: 7864419243011823953}
  m_Father: {fileID: 0}
  m_RootOrder: 0
  m_LocalEulerAnglesHint: {x: 0, y: 90, z: 0}
--- !u!65 &3131185423224899960
BoxCollider:
  m_ObjectHideFlags: 0
  m_CorrespondingSourceObject: {fileID: 0}
  m_PrefabInstance: {fileID: 0}
  m_PrefabAsset: {fileID: 0}
  m_GameObject: {fileID: 3131185423224899962}
  m_Material: {fileID: 0}
  m_IsTrigger: 1
  m_Enabled: 1
  serializedVersion: 2
  m_Size: {x: 0.7575332, y: 1.1530435, z: 0.65799534}
  m_Center: {x: 0, y: 0.3752364, z: 0}
--- !u!54 &3131185423224899963
Rigidbody:
  m_ObjectHideFlags: 0
  m_CorrespondingSourceObject: {fileID: 0}
  m_PrefabInstance: {fileID: 0}
  m_PrefabAsset: {fileID: 0}
  m_GameObject: {fileID: 3131185423224899962}
  serializedVersion: 2
  m_Mass: 1
  m_Drag: 0
  m_AngularDrag: 0.05
  m_UseGravity: 0
  m_IsKinematic: 1
  m_Interpolate: 0
  m_Constraints: 0
  m_CollisionDetection: 0
--- !u!114 &3131185423224899967
MonoBehaviour:
  m_ObjectHideFlags: 0
  m_CorrespondingSourceObject: {fileID: 0}
  m_PrefabInstance: {fileID: 0}
  m_PrefabAsset: {fileID: 0}
  m_GameObject: {fileID: 3131185423224899962}
  m_Enabled: 1
  m_EditorHideFlags: 0
  m_Script: {fileID: 11500000, guid: 0ce2b8399de0a54448fc4922fe485aea, type: 3}
  m_Name: 
  m_EditorClassIdentifier: 
--- !u!114 &3131185423224899966
MonoBehaviour:
  m_ObjectHideFlags: 0
  m_CorrespondingSourceObject: {fileID: 0}
  m_PrefabInstance: {fileID: 0}
  m_PrefabAsset: {fileID: 0}
  m_GameObject: {fileID: 3131185423224899962}
  m_Enabled: 1
  m_EditorHideFlags: 0
  m_Script: {fileID: 11500000, guid: 691cbafa5dfef1a48a3cbb72566290c6, type: 3}
  m_Name: 
  m_EditorClassIdentifier: 
  rotVector3: {x: 0, y: 200, z: 0}
--- !u!1 &3131185423269326298
GameObject:
  m_ObjectHideFlags: 0
  m_CorrespondingSourceObject: {fileID: 0}
  m_PrefabInstance: {fileID: 0}
  m_PrefabAsset: {fileID: 0}
  serializedVersion: 6
  m_Component:
  - component: {fileID: 3131185423269326299}
  - component: {fileID: 3131185423269326296}
  m_Layer: 0
  m_Name: sdw_circle
  m_TagString: Untagged
  m_Icon: {fileID: 0}
  m_NavMeshLayer: 0
  m_StaticEditorFlags: 0
  m_IsActive: 1
--- !u!4 &3131185423269326299
Transform:
  m_ObjectHideFlags: 0
  m_CorrespondingSourceObject: {fileID: 0}
  m_PrefabInstance: {fileID: 0}
  m_PrefabAsset: {fileID: 0}
  m_GameObject: {fileID: 3131185423269326298}
  m_LocalRotation: {x: 0.7071068, y: 0, z: 0, w: 0.7071068}
  m_LocalPosition: {x: 0, y: 0.02, z: 0}
  m_LocalScale: {x: 0.64808095, y: 0.64808095, z: 0.64808095}
  m_Children: []
  m_Father: {fileID: 3131185423224899961}
  m_RootOrder: 0
  m_LocalEulerAnglesHint: {x: 90, y: 0, z: 0}
--- !u!212 &3131185423269326296
SpriteRenderer:
  m_ObjectHideFlags: 0
  m_CorrespondingSourceObject: {fileID: 0}
  m_PrefabInstance: {fileID: 0}
  m_PrefabAsset: {fileID: 0}
  m_GameObject: {fileID: 3131185423269326298}
  m_Enabled: 1
  m_CastShadows: 0
  m_ReceiveShadows: 0
  m_DynamicOccludee: 1
  m_MotionVectors: 1
  m_LightProbeUsage: 1
  m_ReflectionProbeUsage: 1
  m_RayTracingMode: 0
  m_RayTraceProcedural: 0
  m_RenderingLayerMask: 1
  m_RendererPriority: 0
  m_Materials:
  - {fileID: 10754, guid: 0000000000000000f000000000000000, type: 0}
  m_StaticBatchInfo:
    firstSubMesh: 0
    subMeshCount: 0
  m_StaticBatchRoot: {fileID: 0}
  m_ProbeAnchor: {fileID: 0}
  m_LightProbeVolumeOverride: {fileID: 0}
  m_ScaleInLightmap: 1
  m_ReceiveGI: 1
  m_PreserveUVs: 0
  m_IgnoreNormalsForChartDetection: 0
  m_ImportantGI: 0
  m_StitchLightmapSeams: 1
  m_SelectedEditorRenderState: 0
  m_MinimumChartSize: 4
  m_AutoUVMaxDistance: 0.5
  m_AutoUVMaxAngle: 89
  m_LightmapParameters: {fileID: 0}
  m_SortingLayerID: 0
  m_SortingLayer: 0
  m_SortingOrder: -800
  m_Sprite: {fileID: 21300000, guid: a6c2bf7ab72bfcd4a94c005c98c52da7, type: 3}
  m_Color: {r: 0, g: 0, b: 0, a: 0.4745098}
  m_FlipX: 0
  m_FlipY: 0
  m_DrawMode: 1
  m_Size: {x: 2.56, y: 2.56}
  m_AdaptiveModeThreshold: 0.5
  m_SpriteTileMode: 0
  m_WasSpriteAssigned: 1
  m_MaskInteraction: 0
  m_SpriteSortPoint: 0
--- !u!1001 &2908959689287856715
PrefabInstance:
  m_ObjectHideFlags: 0
  serializedVersion: 2
  m_Modification:
    m_TransformParent: {fileID: 3131185423224899961}
    m_Modifications:
    - target: {fileID: -4216859302048453862, guid: 3db29fd0d1126f54292f4987bcb11f78, type: 3}
      propertyPath: m_RootOrder
      value: 2
      objectReference: {fileID: 0}
    - target: {fileID: -4216859302048453862, guid: 3db29fd0d1126f54292f4987bcb11f78, type: 3}
      propertyPath: m_LocalScale.x
      value: 30.370459
      objectReference: {fileID: 0}
    - target: {fileID: -4216859302048453862, guid: 3db29fd0d1126f54292f4987bcb11f78, type: 3}
      propertyPath: m_LocalScale.y
      value: 30.370459
      objectReference: {fileID: 0}
    - target: {fileID: -4216859302048453862, guid: 3db29fd0d1126f54292f4987bcb11f78, type: 3}
      propertyPath: m_LocalScale.z
      value: 30.370459
      objectReference: {fileID: 0}
    - target: {fileID: -4216859302048453862, guid: 3db29fd0d1126f54292f4987bcb11f78, type: 3}
      propertyPath: m_LocalPosition.x
      value: -0.22
      objectReference: {fileID: 0}
    - target: {fileID: -4216859302048453862, guid: 3db29fd0d1126f54292f4987bcb11f78, type: 3}
      propertyPath: m_LocalPosition.y
      value: 0
      objectReference: {fileID: 0}
    - target: {fileID: -4216859302048453862, guid: 3db29fd0d1126f54292f4987bcb11f78, type: 3}
      propertyPath: m_LocalPosition.z
      value: -0.06
      objectReference: {fileID: 0}
    - target: {fileID: -4216859302048453862, guid: 3db29fd0d1126f54292f4987bcb11f78, type: 3}
      propertyPath: m_LocalRotation.w
      value: 0.9740827
      objectReference: {fileID: 0}
    - target: {fileID: -4216859302048453862, guid: 3db29fd0d1126f54292f4987bcb11f78, type: 3}
      propertyPath: m_LocalRotation.x
      value: 0.11649788
      objectReference: {fileID: 0}
    - target: {fileID: -4216859302048453862, guid: 3db29fd0d1126f54292f4987bcb11f78, type: 3}
      propertyPath: m_LocalRotation.y
      value: 0.00000005960465
      objectReference: {fileID: 0}
    - target: {fileID: -4216859302048453862, guid: 3db29fd0d1126f54292f4987bcb11f78, type: 3}
      propertyPath: m_LocalRotation.z
      value: -0.19388452
      objectReference: {fileID: 0}
    - target: {fileID: -4216859302048453862, guid: 3db29fd0d1126f54292f4987bcb11f78, type: 3}
      propertyPath: m_LocalEulerAnglesHint.x
      value: 13.118001
      objectReference: {fileID: 0}
    - target: {fileID: -4216859302048453862, guid: 3db29fd0d1126f54292f4987bcb11f78, type: 3}
      propertyPath: m_LocalEulerAnglesHint.y
      value: -2.6590002
      objectReference: {fileID: 0}
    - target: {fileID: -4216859302048453862, guid: 3db29fd0d1126f54292f4987bcb11f78, type: 3}
      propertyPath: m_LocalEulerAnglesHint.z
      value: -22.820002
      objectReference: {fileID: 0}
    - target: {fileID: -927199367670048503, guid: 3db29fd0d1126f54292f4987bcb11f78, type: 3}
      propertyPath: m_Name
      value: vasogaseosa
      objectReference: {fileID: 0}
    m_RemovedComponents: []
  m_SourcePrefab: {fileID: 100100000, guid: 3db29fd0d1126f54292f4987bcb11f78, type: 3}
--- !u!4 &7864419243011823953 stripped
Transform:
  m_CorrespondingSourceObject: {fileID: -4216859302048453862, guid: 3db29fd0d1126f54292f4987bcb11f78, type: 3}
  m_PrefabInstance: {fileID: 2908959689287856715}
  m_PrefabAsset: {fileID: 0}
